 Dungeon Crawl Stone Soup version 0.22.1-1-ga44c0e56f4 (webtiles) character file.

33 Anaphory the Digger (level 3, -4/19 HPs)
             Began as a Gargoyle Earth Elementalist on Oct 17, 2018.
             Slain by Terence
             ... wielding a +2 vampiric short sword
              (5 damage)
             ... on level 1 of the Dungeon.
             The game lasted 00:13:06 (808 turns).

Anaphory the Digger (Gargoyle Earth Elementalist)    Turns: 808, Time: 00:13:07

Health: -4/19      AC:  5    Str: 11    XL:     3   Next: 29%
Magic:  0/6        EV: 12    Int: 16    God:
Gold:   35         SH:  0    Dex: 10    Spells: 6/7 levels left

rFire    . . .     SeeInvis .   f - +0 whip
rCold    . . .     Gourm    .   (no shield)
rNeg     + + .     Faith    .   c - +0 robe
rPois    ∞         Spirit   .   (no helmet)
rElec    +         Reflect  .   (no cloak)
rCorr    .         Harm     .   (no gloves)
MR       .....                  (no boots)
Stlth    ++........             (no amulet)
HPRegen  0.06/turn              e - ring of positive energy
MPRegen  0.10/turn              (no ring)

@: no status effects
A: negative energy resistance 1, electricity resistance, unbreathing,
petrification resistance, rot immunity, AC +3
a: no special abilities


You were on level 1 of the Dungeon.
You were not hungry.

You visited 1 branch of the dungeon, and saw 2 of its levels.

You collected 35 gold pieces.

Inventory:

Hand Weapons
 f - a +0 whip (weapon)
Missiles
 b - 33 stones (quivered)
Armour
 c - a +0 robe (worn)
Jewellery
 e - a ring of positive energy (left hand)
Scrolls
 a - 2 scrolls of remove curse {unknown}
 g - a scroll of identify {unknown}
 i - a scroll of amnesia {unknown}
 k - 3 scrolls of random uselessness {unknown}
 l - a scroll of teleportation {unknown}
 n - a scroll of enchant armour {unknown}
Potions
 h - 3 potions of lignification {unknown}
 j - a potion of curing {unknown}
 m - a potion of mutation {unknown}
 o - a potion of degeneration {unknown}
Comestibles
 d - 3 rations


   Skills:
 + Level 1.8 Dodging
 - Level 2.2 Stealth
 * Level 2.5 Spellcasting
   Level 0.7 Transmutations
 + Level 4.4 Earth Magic


You had 6 spell levels left.
You knew the following spells:

 Your Spells              Type           Power        Failure   Level  Hunger
a - Sandblast             Erth           ###...       3%          1    #......

Your spell library contained the following spells:

 Spells                   Type           Power        Failure   Level  Hunger
 Passwall                 Tmut/Erth      ##......     10%         2    ##.....
 Stone Arrow              Conj/Erth      #.....       24%         3    ###....
 Petrify                  Tmut/Erth      ##......     54%         4    #####..
 Lee's Rapid Deconstruct  Erth           ###.......   65%         5    ######.


Dungeon Overview and Level Annotations

Branches:
Dungeon (2/15)

Altars:

Annotations:
D:1 Terence
D:2 Sigmund


Innate Abilities, Weirdness & Mutations

You are resistant to torment.
Your stone body is resilient. (AC +3)
You are immune to poison.
You resist negative energy. (rN+)
You are resistant to electric shocks. (rElec)
You can survive without breathing.
You are immune to petrification.
You are immune to rotting.


Message History

* * * LOW HITPOINT WARNING * * *
The adder bites you.
* * * LOW HITPOINT WARNING * * *
Casting: Sandblast (safe; 3% risk of failure)
Confirm with . or Enter, or press ? or * to list all spells.
Aiming: Sandblast (safe; 3% risk of failure)
Press: ? - help, Shift-Dir - straight line, f/p - Terence
Aim: Terence, wielding a vampiric short sword and wearing a scale mail The blast of sand hits Terence.
Terence is moderately wounded.
b - 33 stones Terence closely misses you.
The adder closely misses you.
Casting: Sandblast (safe; 3% risk of failure)
Confirm with . or Enter, or press ? or * to list all spells.
You don't have enough magic to cast that spell.
You barely miss Terence.
Terence is moderately wounded.
The adder barely misses you.
Terence hits you with a vampiric short sword.
You die...

.....# #.# ##.## #.#.######.# ##
.....# #.# ### #.#.# #.# ##.
.....# #.#########.#.# ##.###.#
.....###...........#.#####...#.##
.........#######.#.#....)..#.....
##.#.###.# #.###.....#....#.#.
#.#.###.# ##.#.######.#.###..
##.......########..######.#.# ##.
..............>S@@......#.#.# #.
####.######..####..####.#.#.# #.
#.# #..# #...........# ## #.#
#..# #.#####.#.####### ##.## #..#
#.# #..#....... ###...## #..#
#.#####.###.##### #....#.#
#...######.....#.######
#.#.#.#####.###....###...........
#.##......###........###..#######


You could see Terence and an adder.

Vanquished Creatures
  An adder (D:2)
  3 dart slugs (D:1)
  A giant cockroach (D:1)
  3 goblins
  3 hobgoblins
  A kobold (D:1)
  A quokka (D:2)
  2 bats
  A frilled lizard (D:1)
  A rat (D:1)
17 creatures vanquished.

Notes
Turn   | Place    | Note
-------+----------+-------------------------------------------
     0 | D:1      | Anaphory the Gargoyle Earth Elementalist began the quest
                  | for the Orb.
     0 | D:1      | Reached XP level 1. HP: 10/10 MP: 3/3
   320 | D:1      | Reached skill level 4 in Earth Magic
   320 | D:1      | Reached XP level 2. HP: 11/15 MP: 1/5
   700 | D:2      | Reached XP level 3. HP: 19/19 MP: 4/6
   740 | D:2      | Noticed Sigmund
   794 | D:2      | Noticed Terence
   808 | D:1      | Slain by Terence

Skill      XL: |  1 |
---------------+----+-----
Earth Magic    | 4 |  4.4
Dodging        | |  1.8
Stealth        | |  2.2
Spellcasting   | |  2.5
Transmutations | |  0.7

Action                   || total
-------------------------++-------
Melee: Whip              ||    24
 Cast: Sandblast         ||    20
Armor: Robe              ||     9
Dodge: Dodged            ||    27
